 Dungeon Crawl Stone Soup version 0.21.1-1-g345015fe64 (webtiles) character file.

13224 Lavandula the Geomancer (level 12, -7/91 HPs)
             Began as a Barachi Earth Elementalist on July 19, 2018.
             Was an Elder of Cheibriados.
             Mangled by a death yak (17 damage)
             ... on level 2 of the Lair of Beasts.
             The game lasted 00:49:05 (6156 turns).

Lavandula the Geomancer (BaEE)                      Turns: 6156, Time: 00:49:07

Health: -7/91      AC: 11    Str: 25    XL:     12   Next: 3%
Magic:  12/30      EV: 16    Int: 33    God:    Cheibriados [****..]
Gold:   765        SH:  7    Dex: 21    Spells: 10/23 levels left

rFire    . . .     SeeInvis +   J - +3 dagger (vamp)
rCold    . . .     Gourm    .   Q - +0 buckler
rNeg     . . .     Faith    .   U - +2 leather armour {rPois}
rPois    +         Spirit   .   D - +0 helmet
rElec    .         Reflect  .   (no cloak)
rCorr    .         Harm     .   u - +2 pair of gloves {archery}
MR       .....     Clarity  +   I - +0 pair of boots
Stlth    ++........             C - amulet of regeneration
HPRegen  0.65/turn              S - ring "Vuas" {+Inv Str+5 Int+4 Dex-3 SInv}
MPRegen  0.22/turn              h - ring of magical power

@: about to teleport, very slightly contaminated, invisible, very slow
A: +LOS, swims, clarity, slowness 1, no potion heal 1, strong legs 1
a: Hop, Bend Time, Temporal Distortion, Slouch, Renounce Religion


You were on level 2 of the Lair of Beasts.
You worshipped Cheibriados.
Cheibriados was greatly pleased with you.
You were hungry.

You visited 4 branches of the dungeon, and saw 16 of its levels.
You also visited: Sewer and Ossuary.

You collected 1185 gold pieces.
You spent 420 gold pieces at shops.

Inventory:

Hand Weapons
 o - a +0 blowgun
 G - a +0 flail of holy wrath
 J - a +3 vampiric dagger (weapon)
 K - a +3 trident
Missiles
 b - 74 stones (quivered)
 q - 28 poisoned needles
 z - 3 javelins
Armour
 n - a +0 chain mail
 u - a +2 pair of gloves of archery (worn)
 D - a +0 helmet (worn)
 I - a +0 pair of boots (worn)
 Q - a +0 buckler (worn)
 U - a +2 leather armour of poison resistance (worn)
 W - a +1 plate armour of poison resistance
Jewellery
 a - an uncursed ring of positive energy
 h - a ring of magical power (right hand)
 C - an amulet of regeneration (around neck)
 M - an uncursed amulet of guardian spirit
 S - the ring "Vuas" (left hand) {+Inv Str+5 Int+4 Dex-3 SInv}
   (You found it on level 9 of the Dungeon)

   [ring of intelligence]

   It affects your strength (+5).
   It affects your intelligence (+4).
   It affects your dexterity (-3).
   It lets you see invisible.
   It lets you turn invisible.
Wands
 g - a wand of flame (26)
 B - a wand of paralysis (2)
 T - a wand of enslavement (4)
Scrolls
 c - 2 scrolls of noise
 i - 5 scrolls of remove curse
 w - 2 scrolls of fog
 x - a scroll of magic mapping
 y - 3 scrolls of teleportation
 H - 2 scrolls of amnesia
 L - a scroll of blinking {unknown}
Potions
 f - 7 potions of curing
 m - 3 potions of lignification
 r - 2 potions of magic
 s - 2 potions of brilliance
 v - 2 potions of might {unknown}
 A - 3 potions of resistance {unknown}
 E - 3 potions of flight
 F - a potion of mutation
 P - a potion of agility {unknown}
Comestibles
 d - 7 rations


   Skills:
 - Level 7.1 Fighting
 - Level 7.1 Short Blades
 - Level 4.0 Armour
 - Level 5.9 Dodging
 - Level 1.7 Stealth
 - Level 8.0 Shields
 - Level 6.0 Spellcasting
 - Level 1.1 Transmutations
 - Level 9.9 Earth Magic
 + Level 6.8 Invocations
 - Level 3.8 Evocations


You had 10 spell levels left.
You knew the following spells:

 Your Spells              Type           Power        Failure   Level  Hunger
a - Sandblast             Erth           ######       1%          1    None
b - Stone Arrow           Conj/Erth      #####.       1%          3    None
c - Petrify               Tmut/Erth      #####...     4%          4    ##.....
d - Lee's Rapid Deconstr  Erth           ######....   2%          5    #####..


Dungeon Overview and Level Annotations

Branches:
Dungeon (11/15)            Temple (1/1) D:5            Lair (2/6) D:9
  Swamp (0/4) Lair:2          Orc (2/2) D:9
  Snake: Lair:2-4    Spider: Lair:2-4       Elf: Orc:2

Altars:
Ashenzari
Cheibriados
Elyvilon
Fedhas
Hepliaklqana
Kikubaaqudgha
Okawaru
Qazlal
Sif Muna
Trog
Uskayaw
Vehumet
Wu Jian
Xom
Zin
The Shining One

Shops:
Orc:1 =   Orc:2 =*

Annotations:
Orc:2 Donald, Snorg


Innate Abilities, Weirdness & Mutations

Shadows flee at your approach. (+LOS)
You can swim through water.
You cover ground slowly.
You can hop short distances.
You possess an exceptional clarity of mind.
Potions are less effective at restoring your health.


Message History

* * * LOW HITPOINT WARNING * * *
Unknown command.
Okay, then.
As you read the scroll of teleportation, it crumbles to dust.
You feel strangely unstable. The death yak misses you.
The death yak closely misses you. x2; The death yak gores you!
* * * LOW HITPOINT WARNING * * *
The porcupine barely misses you.
Unknown command.
Okay, then.
Evoke which item? (* to show all) (? for menu, Esc to quit)
Okay, then.
Okay, then.
Your system partially rejects the healing.
You feel better.
You are ready to hop once more.
The death yak barely misses you. You block the death yak's attack.
The death yak gores you but does no damage.
The death yak gores you!
You die...

..............♣♣ ♣§≈♣♣.....
.............#.♣♣♣.♣♣.†....
............#.#.#..........
...........................
...........................
.......h..............#....
............>..............
.........YYY............#..
.........r@Y.............P.
...............P...........
.......##.............PP#.#
......#................###
......#...............#
....................###
.................##
#..............###
................


You could see 4 death yaks, a black bear and a porcupine.

Vanquished Creatures
  A hydra (Lair:2)
  A two-headed ogre (D:10)
  2 orc sorcerers
  An elephant (D:9)
  A centaur zombie (D:10)
  A black mamba (Lair:2)
  2 spiny frogs (Lair:2)
  2 centaur skeletons
  3 komodo dragons
  5 trolls (Orc:1)
  9 blink frogs (Lair:2)
  A yak (D:9)
  A basilisk (D:9)
  A hungry ghost (D:8)
  Menkaure (D:7)
  5 wargs
  Edmund (D:4)
  2 water moccasins
  A porcupine (Lair:2)
  An ice beast (D:6)
  11 orc warriors
  4 sky beasts
  2 centaurs
  11 ogres
  2 crocodiles
  4 bullfrogs
  A wyvern zombie (D:10)
  2 howler monkeys (D:8)
  A crimson imp (D:6)
  A quasit (D:11)
  A bullfrog skeleton (D:5)
  A hound (D:5)
  4 orc priests
  A jelly (D:10)
  A gnoll shaman (D:9)
  2 iguanas
  4 orc wizards
  4 worker ants
  A killer bee zombie (D:9)
  8 mummies (Ossuary)
  A worker ant zombie (D:5)
  Robin (D:3)
  8 adders
  4 gnolls (D:9)
  3 river rats (Sewer)
  2 shadow imps (D:9)
  3 oozes
  An adder skeleton (D:9)
  3 worms
  A dart slug (D:1)
  6 leopard geckos
  34 orcs
  17 ball pythons
  3 giant cockroaches
  9 goblins
  9 hobgoblins
  7 jackals
  2 quokkas (D:4)
  5 bats
  4 frilled lizards
  2 gnoll zombies (Ossuary)
  3 hobgoblin zombies (Ossuary)
  7 kobolds
  2 kobold zombies (Ossuary)
  An orc zombie (Ossuary)
  28 rats
274 creatures vanquished.

Vanquished Creatures (others)
  An orc warrior (Orc:1)
  10 fungi (Orc:2)
11 creatures vanquished.

Grand Total: 285 creatures vanquished

Notes
Turn   | Place    | Note
-------+----------+-------------------------------------------
     0 | D:1      | Lavandula the Barachi Earth Elementalist began the quest for the Orb.
     0 | D:1      | Reached XP level 1. HP: 13/13 MP: 3/3
   145 | D:1      | Reached XP level 2. HP: 12/19 MP: 5/5
   224 | D:2      | Reached XP level 3. HP: 19/24 MP: 7/8
   229 | D:2      | Learned a level 3 spell: Stone Arrow
   406 | D:3      | Found a glowing drain.
   439 | D:3      | Reached XP level 4. HP: 28/30 MP: 10/10
   469 | Sewer    | Entered a sewer
   475 | Sewer    | Learned a level 4 spell: Petrify
   688 | Sewer    | Reached XP level 5. HP: 5/35 MP: 11/11
   986 | Sewer    | Reached skill level 5 in Spellcasting
   993 | Sewer    | Reached XP level 6. HP: 30/41 MP: 13/14
  1148 | D:3      | Learned a level 5 spell: Lee's Rapid Deconstruction
  1384 | D:3      | Reached skill level 1 in Short Blades
  1425 | D:4      | Noticed Robin
  1431 | D:3      | Killed Robin
  1522 | D:4      | Noticed Edmund
  1551 | D:4      | Killed Edmund
  1551 | D:4      | Reached XP level 7. HP: 28/46 MP: 3/16
  1675 | D:5      | Entered Level 5 of the Dungeon
  2024 | D:5      | Reached skill level 5 in Short Blades
  2136 | D:5      | Found a staircase to the Ecumenical Temple.
  2142 | Temple   | Entered the Ecumenical Temple
  2179 | Temple   | Became a worshipper of Cheibriados the Contemplative
  2335 | D:5      | Gained mutation: Potions are less effective at restoring your health. [potion of mutation]
  2335 | D:5      | Gained mutation: You possess an exceptional clarity of mind. [potion of mutation]
  2380 | D:5      | Reached skill level 1 in Fighting
  2617 | D:6      | Found a hide-covered altar of Uskayaw.
  2704 | D:6      | Reached XP level 8. HP: 58/58 MP: 17/17
  2806 | D:6      | Reached skill level 1 in Evocations
  2847 | D:7      | Reached * piety under Cheibriados
  2863 | D:7      | Found a sand-covered staircase.
  2868 | Ossuary  | Entered an ossuary
  3030 | Ossuary  | Reached skill level 4 in Earth Magic
  3194 | D:7      | You fall through a shaft for 3 floors!
  3194 | D:10     | Entered Level 10 of the Dungeon
  3224 | D:10     | Got a fine quarterstaff
  3334 | D:10     | Reached skill level 6 in Earth Magic
  3334 | D:10     | Reached XP level 9. HP: 53/64 MP: 14/18
  3360 | D:10     | Reached skill level 7 in Earth Magic
  3366 | D:10     | Noticed a two-headed ogre
  3377 | D:10     | Killed a two-headed ogre
  3377 | D:10     | Reached skill level 9 in Earth Magic
  3502 | D:9      | Found a bloodstained altar of Trog.
  3637 | D:9      | Reached XP level 10. HP: 71/71 MP: 19/19
  3655 | D:9      | Reached ** piety under Cheibriados
  3661 | D:9      | Noticed an elephant
  3691 | D:9      | Killed an elephant
  4035 | D:9      | Found a staircase to the Lair.
  4060 | D:9      | Found a blossoming altar of Fedhas.
  4076 | D:9      | Got a crude bronze ring
  4078 | D:9      | Identified the ring "Vuas" {+Inv Str+5 Int+4 Dex-3 SInv} (You found it on level 9 of the Dungeon)
  4125 | D:9      | Found a staircase to the Orcish Mines.
  4398 | D:7      | Noticed Menkaure
  4399 | D:7      | Killed Menkaure
  4399 | D:7      | Reached skill level 1 in Invocations
  4692 | D:8      | Reached skill level 1 in Shields
  4952 | Orc:1    | Entered Level 1 of the Orcish Mines
  4980 | Orc:1    | Reached *** piety under Cheibriados
  5158 | Orc:1    | Found Qafavvuc's Jewellery Emporium.
  5164 | Orc:1    | Reached skill level 5 in Shields
  5165 | Orc:1    | Noticed an orc sorcerer
  5195 | Orc:1    | Noticed a smoke demon
  5232 | Orc:1    | Killed an orc sorcerer
  5232 | Orc:1    | Reached XP level 11. HP: 19/84 MP: 3/20
  5318 | Orc:1    | Bought an uncursed amulet of regeneration for 420 gold pieces
  5408 | Orc:2    | Entered Level 2 of the Orcish Mines
  5417 | Orc:2    | Noticed an orc knight
  5645 | Orc:2    | Noticed an orc sorcerer
  5651 | Orc:2    | Killed an orc sorcerer
  5651 | Orc:2    | Reached **** piety under Cheibriados
  5683 | Orc:2    | Reached skill level 5 in Dodging
  5708 | Orc:2    | Found Yzot's Jewellery Boutique.
  5766 | Orc:2    | Found Sonnisur's General Store.
  5766 | Orc:2    | Noticed an orc warlord
  5766 | Orc:2    | Noticed an orc knight
  5766 | Orc:2    | Noticed an orc knight
  5776 | Orc:2    | Noticed Donald
  5779 | Orc:2    | Noticed an orc knight
  5780 | Orc:2    | Noticed Snorg
  5921 | Lair:1   | Entered Level 1 of the Lair of Beasts
  5956 | Lair:1   | Reached skill level 1 in Armour
  6036 | Lair:2   | Reached skill level 5 in Invocations
  6092 | Lair:2   | Found a staircase to the Swamp.
  6098 | Lair:2   | Noticed an eight-headed hydra
  6112 | Lair:2   | Killed an eight-headed hydra
  6112 | Lair:2   | Reached XP level 12. HP: 58/91 MP: 4/21
  6133 | Lair:2   | Noticed a death yak
  6134 | Lair:2   | Noticed a death yak
  6135 | Lair:2   | Noticed a death yak
  6137 | Lair:2   | Noticed a death yak
  6155 | Lair:2   | HP: 3/91 [death yak (16)]
  6156 | Lair:2   | Mangled by a death yak

Skill      XL: |  1  2  3  4  5  6  7  8  9 10 11 |
---------------+----------------------------------+-----
Spellcasting   | 3 4 5 6 |  6.0
Short Blades   | 3 6 7 |  7.1
Fighting       | 3 4 7 |  7.1
Evocations     | 3 |  3.8
Earth Magic    | 6 9 |  9.9
Invocations    | 2 6 |  6.8
Shields        | 6 8 |  8.0
Dodging        | 5 |  5.9
Armour         | 4 |  4.0
Stealth        | |  1.7
Transmutations | |  1.1

Action                   |  1- 3 |  4- 6 |  7- 9 | 10-12 || total
-------------------------+-------+-------+-------+-------++-------
Melee: Dagger            |     6 |   149 |    92 |   347 ||   594
Throw: Javelin           |       |       |       |     1 ||     1
 Cast: Sandblast         |    43 |    58 |   106 |    43 ||   250
       Stone Arrow       |       |    22 |    48 |    29 ||    99
       Petrify           |       |       |     3 |    23 ||    26
       Lee's Rapid Decon |       |       |       |    10 ||    10
Invok: Slouch            |       |       |       |     1 ||     1
 Abil: Hop               |     1 |     5 |     7 |    10 ||    23
       Evoke Invisibilit |       |       |       |     3 ||     3
Evoke: Wand              |       |       |     3 |    17 ||    20
  Use: Scroll            |       |     3 |    12 |     7 ||    22
       Potion            |       |     2 |     1 |     6 ||     9
 Stab: Sleeping          |       |       |     4 |     2 ||     6
       Paralysed         |       |       |     1 |     3 ||     4
       Petrified         |       |       |       |    27 ||    27
       Petrifying        |       |       |       |    12 ||    12
       Invisible         |       |       |       |     4 ||     4
  Eat: Chunk             |       |     4 |     3 |     7 ||    14
       Ration            |       |       |     3 |     1 ||     4
Armor: Robe              |     5 |    37 |    21 |    19 ||    82
       Troll leather arm |       |       |       |     8 ||     8
       Leather armour    |       |       |       |    43 ||    43
       Skin              |       |       |       |     3 ||     3
Dodge: Dodged            |    14 |   140 |    65 |   196 ||   415
Block: Buckler           |       |       |       |    28 ||    28
